 Dungeon Crawl Stone Soup version 0.30-a0-1103-g25895a7845 (webtiles) character file.

Game seed: 4292475770687641666

562713 qeuew the Ninja (level 25, -12/137 HPs)
             Began as a Spriggan Hunter on Apr 18, 2023.
             Was the Champion of Dithmenos.
             Mangled by a death cob (25 damage)
             ... on level 4 of the Realm of Zot.
             The game lasted 01:30:47 (47352 turns).

qeuew the Ninja (Spriggan Hunter)                  Turns: 47352, Time: 01:30:47

Health: -12/137    AC:  9    Str: 11    XL:     25   Next: 39%
Magic:  49/49      EV: 70    Int:  9    God:    Dithmenos [******]
Gold:   8759       SH:  0    Dex: 39    Spells: 24/24 levels left

rFire   + + +      SeeInvis +    v - +12 pair of quick blades "Gyre" and "Gimble" {protect}
rCold   + . .      Faith    .    (shield currently unavailable)
rNeg    + . .      Spirit   .    h - +4 troll leather armour
rPois   +          Reflect  .    q - -2 hat of the Alchemist {rElec rPois rF+ rC+ rN+ Will+ rMut rCorr}
rElec   +          Rampage  .    G - +2 cloak {Will+}
rCorr   +                        (gloves unavailable)
rMut    +                        (boots unavailable)
Will    +++++                    N - amulet of regeneration Stlth #*********
                                 y - ring of Ocas Gol {Fly rF+++ Str+4 Int-3 Dex+6}
HPRegen 2.82/turn                O - ring of Linearity {MP+9 EV+5 Dex+4}
MPRegen 0.31/turn

@: flying, slowed, wreathed by umbra, studying Dodging, quick
A: very small, no large weapons, unfitting armour, see invisible, speed 3, high
MP 1, strong-willed 1, regeneration 1
}: 3/15 runes: barnacled, silver, gossamer
a: Renounce Religion, Shadow Step, Shadow Form


You were on level 4 of the Realm of Zot.
You worshipped Dithmenos.
Dithmenos was exalted by your worship.
You visited 11 branches of the dungeon, and saw 48 of its levels.
You also visited: Ossuary, Bailey, Gauntlet, Ice Cave, Volcano and Wizlab.

You collected 11711 gold pieces.
You spent 2952 gold pieces at shops.

Inventory:

Hand Weapons
 v - the +12 pair of quick blades "Gyre" and "Gimble" (weapon) {protect}
   (You acquired it on level 5 of the Dungeon)
 R - a +6 arbalest
Missiles
 f - 7 throwing nets
Armour
 h - a +4 troll leather armour (worn)
 q - the -2 hat of the Alchemist (worn) {rElec rPois rF+ rC+ rN+ Will+ rMut rCorr}
   (You found it on level 4 of the Spider Nest)

   rF:        It protects you from fire.
   rC:        It protects you from cold.
   rElec:     It insulates you from electricity.
   rPois:     It protects you from poison.
   rN:        It protects you from negative energy.
   rCorr:     It protects you from acid and corrosion.
   rMut:      It protects you from mutation.
   Will:      It increases your willpower.
 G - a +2 cloak of willpower (worn)
Jewellery
 p - a ring of resist corrosion
 y - the ring of Ocas Gol (left hand) {Fly rF+++ Str+4 Int-3 Dex+6}
   (You found it on level 11 of the Dungeon)

   [ring of dexterity]

   Str:       It affects your strength (+4).
   Int:       It affects your intelligence (-3).
   Dex:       It affects your dexterity (+6).
   rF:        It renders you almost immune to fire.
   Fly:       It grants you flight.
 N - an amulet of regeneration (around neck)
 O - the ring of Linearity (right hand) {MP+9 EV+5 Dex+4}
   (You found it in a Gauntlet)

   [ring of evasion]

   EV:        It affects your evasion (+5).
   Dex:       It affects your dexterity (+4).
   MP:        It affects your magic capacity (+9).
Wands
 g - a wand of digging (13)
 j - a wand of flame (106)
 u - a wand of roots (51)
 w - a wand of mindburst (28) (quivered)
 x - a wand of quicksilver (31)
 C - a wand of charming (63)
 E - a wand of polymorph (18)
Scrolls
 b - 6 scrolls of teleportation
 c - 7 scrolls of poison
 d - 9 scrolls of enchant weapon
 i - 3 scrolls of summoning
 k - 7 scrolls of enchant armour
 l - 7 scrolls of brand weapon
 r - a scroll of magic mapping
 D - 36 scrolls of identify
 I - 5 scrolls of silence
 P - 5 scrolls of amnesia
 Q - 12 scrolls of fog
 X - 3 scrolls of fear
Potions
 a - 5 potions of heal wounds
 e - 11 potions of haste
 m - 8 potions of might
 n - 14 potions of flight
 o - 26 potions of curing
 s - 6 potions of magic
 t - 11 potions of mutation
 z - 13 potions of ambrosia
 A - 10 potions of attraction
 B - 4 potions of resistance
 F - 5 potions of cancellation
 K - 6 potions of brilliance
 M - 4 potions of invisibility
 V - 3 potions of berserk rage


   Skills:
 + Level 16.0 Fighting
 O Level 27 Short Blades
 + Level 19.7 Ranged Weapons
 O Level 27 Dodging
 O Level 27 Stealth
 + Level 18.7 Invocations
 + Level 14.2 Evocations


You had 24 spell levels left.
You didn't know any spells.
Your spell library contained the following spells:

 Spells                   Type           Power      Damage    Failure   Level
 Beastly Appendage        Tmut           0%         N/A       47%         1
 Freeze                   Ice            0%         1d3       47%         1
 Magic Dart               Conj           0%         1d3       47%         1
 Cigotuvi's Dreadful Rot  Necr/Pois/Air  0%         N/A       63%         2
 Ensorcelled Hibernation  Hex/Ice        0%         N/A       63%         2
 Passwall                 Tmut/Erth      0%         N/A       63%         2
 Poisonous Vapours        Pois/Air       0%         N/A       63%         2
 Searing Ray              Conj           0%         2d4       63%         2
 Static Discharge         Conj/Air       0%         2-2/arc   63%         2
 Sublimation of Blood     Necr           0%         N/A       63%         2
 Wereblood                Tmut           0%         N/A       63%         2
 Call Canine Familiar     Summ           0%         N/A       85%         3
 Dazzling Flash           Conj/Hex       0%         N/A       85%         3
 Frozen Ramparts          Ice            0%         1d1       85%         3
 Gell's Gravitas          Tloc           0%         N/A       85%         3
 Hailstorm                Conj/Ice       0%         3d3       85%         3
 Ignite Poison            Fire/Tmut/Pois 0%         N/A       85%         3
 Mephitic Cloud           Conj/Pois/Air  0%         N/A       85%         3
 Ozocubu's Armour         Ice            0%         N/A       85%         3
 Portal Projectile        Hex/Tloc       0%         N/A       85%         3
 Spider Form              Tmut/Pois      0%         N/A       85%         3
 Swiftness                Air            0%         N/A       85%         3
 Teleport Other           Tloc           0%         N/A       85%         3
 Tukima's Dance           Hex            0%         N/A       85%         3
 Airstrike                Air            0%         2d(0-16)  99%         4
 Dispel Undead            Necr           0%         3d6       99%         4
 Fulminant Prism          Conj/Hex       0%         3d5       99%         4
 Ice Form                 Ice/Tmut       0%         N/A       99%         4
 Leda's Liquefaction      Hex/Erth       0%         N/A       99%         4
 Petrify                  Tmut/Erth      0%         N/A       99%         4
 Sticky Flame             Conj/Fire      0%         2d3       99%         4
 Summon Ice Beast         Ice/Summ       0%         N/A       99%         4
 Agony                    Necr           0%         N/A       100%        5
 Blade Hands              Tmut           0%         N/A       100%        5
 Freezing Cloud           Conj/Ice/Air   0%         6-21      100%        5
 Irradiate                Conj/Tmut      0%         3d11      100%        5
 Iskenderun's Battlesphe  Conj           0%         2d6       100%        5
 Lee's Rapid Deconstruct  Erth           0%         3d4*      100%        5
 Silence                  Hex/Air        0%         N/A       100%        5
 Summon Forest            Summ/Tloc      0%         N/A       100%        5
 Conjure Ball Lightning   Conj/Air       0%         3x3d6     100%        6
 Death Channel            Necr           0%         N/A       100%        6
 Dispersal                Tloc           0%         N/A       100%        6
 Eringya's Noxious Bog    Tmut/Pois      0%         N/A       100%        6
 Iron Shot                Conj/Erth      0%         9d1       100%        6
 Simulacrum               Ice/Necr       0%         N/A       100%        6
 Statue Form              Tmut/Erth      0%         N/A       100%        6
 Orb of Destruction       Conj           0%         9d5       100%        7
 Ozocubu's Refrigeration  Ice            0%         4d7       100%        7
 Spellforged Servitor     Conj/Summ      0%         N/A       100%        7
 Summon Hydra             Summ           0%         N/A       100%        7
 Borgnjor's Revivificati  Necr           0%         N/A       100%        8
 Discord                  Hex            0%         N/A       100%        8
 Disjunction              Tloc           0%         N/A       100%        8
 Ignition                 Fire           0%         3d3       100%        8
 Maxwell's Capacitive Co  Air            0%         ∞         100%        8
 Necromutation            Tmut/Necr      0%         N/A       100%        8
 Chain Lightning          Conj/Air       0%         N/A       100%        9
 Death's Door             Necr           0%         N/A       100%        9
 Fire Storm               Conj/Fire      0%         5d1       100%        9
 Polar Vortex             Ice            0%         N/A       100%        9
 Shatter                  Erth           0%         3d5*      100%        9


Dungeon Overview and Level Annotations

Branches:
Dungeon (15/15)            Temple (1/1) D:5            Lair (5/5) D:9
 Shoals (4/4) Lair:2       Spider (4/4) Lair:2        Slime (1/5) Lair:5
    Orc (2/2) D:11            Elf (3/3) Orc:2        Vaults (5/5) D:13
  Crypt (0/3) Vaults:3     Depths (4/4) D:15            Zot (4/5) Depths:4
Ossuary (visited)          Bailey (visited)           IceCv (visited)
Volcano (visited)          WizLab (visited)         Gauntlet (visited)

Altars:
Ashenzari
Cheibriados
Dithmenos
Elyvilon
Fedhas
Gozag
Hepliaklqana
Kikubaaqudgha
Makhleb
Nemelex Xobeh
Okawaru
Qazlal
Ru
Sif Muna
Trog
Uskayaw
Vehumet
Wu Jian
Xom
Yredelemnul
Zin
The Shining One

Shops:
D:5 (   D:8 (   D:14 *   Orc:2 *[[(:   Elf:2 ?   Elf:3 *   Vaults:2 [?
Vaults:3 *

Portals:
Hell: Depths:1 Depths:2 Depths:3 Depths:4
Abyss: Depths:3
Pandemonium: Depths:1 Depths:2
Ziggurat: Depths:4

Annotations:
D:5 2 transporters
D:8 3 runed translucent doors, cheesebisquit's ghost, novice DjFE


Innate Abilities, Weirdness & Mutations

You are very small and have problems with some larger weapons.
You are too small for most types of armour.
You have supernaturally acute eyesight. (SInv)
You cover ground extremely quickly. (Speed+++)
You have an increased reservoir of magic. (+10% MP)
You are strong-willed. (Will+)
Your natural rate of healing is unusually fast.


Message History

The death cob hits you!! The death cob completely misses you.
The death cob closely misses you.
Unknown command.
You hit the death cob. You puncture the death cob!
The death cob completely misses you.
A white draconian comes into view. It is wielding a +0 halberd.
The green draconian completely misses you. x2
The death cob completely misses you.
Unknown command.
Okay, then.
The death cob completely misses you. x3; The death cob barely misses you.
A purple draconian shifter comes into view.
It is wielding a +0 short sword.
A black draconian knight comes into view.
It is wielding a +2 war axe.
Unknown command.
The death cob attacks as you move away! The death cob completely misses you. x2
The death cob hits you but does no damage.
The death cob completely misses you. The death cob attacks as you move away!
The death cob completely misses you. x3
The green draconian breathes poison at you.
The blast of poison engulfs the death cob.
The death cob completely resists.
The death cob completely misses you. The death cob completely misses you.
The death cob hits you but does no damage.
The purple draconian shifter gestures at you while chanting.
You blink.
The black draconian knight breathes lightning at you.
The bolt of lightning misses you. The death cob completely misses you.
The death cob hits you!!
* * * LOW HITPOINT WARNING * * *
You emit a cloud of dark smoke.
The death cob drains your vigour!
You feel as though you will be slow longer.
The death cob completely misses you. x3
The death cob attacks as you move away! The death cob closely misses you.
The death cob completely misses you. The death cob barely misses you.
The death cob attacks as you move away! The death cob hits you!!
* * * LOW HITPOINT WARNING * * *
You emit a cloud of dark smoke.
The death cob drains your vigour!
You feel as though you will be slow longer.
The death cob completely misses you. The death cob hits you!!
You die...

##........ ##.........
##.........q .
#######...q....... ..
#................. ...
####..........<°....(
....#####...§§§§§....d°°°....
............§z§§§.#...°○○....
............@z§§###..○○○○.).#
.>.....<....##### #.....○..##
........##### #........###
######### ##########


You could see 2 death cobs.

Vanquished Creatures
  3 dread liches (Vaults:5)
  An ancient lich (Vaults:5)
  A juggernaut (Depths:4)
  Sojobo (Vaults:2)
  Saint Roka (Vaults:2)
  A caustic shrike (Depths:1)
  2 curse toes
  8 golden dragons
  the Enchantress (Depths:1)
  Nikola (Spider:2)
  A bone dragon (Vaults:3)
  An electric golem (Zot:3)
  13 tentacled monstrosities
  Cloud Mage (WizLab)
  3 liches
  4 deep elf master archers (Elf:3)
  4 deep elf blademasters
  Asterion (Spider:2)
  3 walking divine tomes (Depths:2)
  2 walking earthen tomes
  A kraken (Shoals:4)
  7 titans
  4 death cobs
  5 quicksilver dragons
  Donald (Spider:1)
  10 shadow dragons
  9 storm dragons
  12 tengu reavers
  7 sphinxes
  2 draconian monks
  An azure jelly (IceCv)
  10 fire giants
  5 ghost moths (Spider:4)
  4 draconian knights
  4 iron dragons (Vaults:5)
  Ilsuiw (Shoals:2)
  21 vault wardens
  5 draconian scorchers
  12 frost giants
  13 deep elf sorcerers
  Aizul (Vaults:2)
  5 emperor scorpions (Spider:4)
  2 draconian shifters
  5 spriggan defenders
  3 orc warlords
  14 ironbound preservers
  5 draconian annihilators
  A reaper (Gauntlet)
  19 stone giants
  A draconian stormcaller (Zot:1)
  3 war gargoyles
  21 very ugly things
  2 broodmothers
  A deep elf elementalist (Elf:3)
  9 deep elf demonologists
  Nessos (D:13)
  7 green draconians
  A dire elephant (Vaults:1)
  6 ironbound thunderhulks
  5 white draconians
  5 yellow draconians
  9 black draconians
  8 purple draconians
  3 vampire knights
  11 red draconians
  A minotaur (Gauntlet)
  13 deep elf annihilators
  8 spark wasps
  10 ettins
  A green death (Depths:1)
  5 deep elf death magi (Elf:3)
  8 merfolk impalers
  A blizzard demon (WizLab)
  A crystal guardian (Vaults:4)
  2 jiangshi (Depths:2)
  18 fire dragons
  2 merfolk javelineers (Shoals:4)
  14 yaktaur captains
  10 deep elf high priests
  7 entropy weavers
  4 rakshasas
  The ghost of BlueFalcon the Fighter, a journeyman DsGl of Gozag (D:11)
  3 jorogumos
  9 ice dragons
  4 hydras
  30 vault guards
  3 ghost crabs (WizLab)
  7 ogre magi
  7 great orbs of eyes
  3 merfolk avatars
  7 ironbound frosthearts
  An alligator snapping turtle (Shoals:4)
  10 spriggan air magi
  2 peacekeepers (Vaults:4)
  7 radroaches
  8 two-headed ogres
  2 death knights
  32 dancing weapons
  A two-headed ogre (shapeshifter) (Vaults:5)
  15 boulder beetles
  4 merfolk aquamancers
  17 centaur warriors
  2 hell hogs (Depths:2)
  14 death yaks
  10 deep troll shamans
  2 satyrs (Shoals:4)
  13 tengu warriors
  A vampire mage (Depths:2)
  19 hell knights
  11 deep troll earth magi
  3 shock serpents (WizLab)
  6 spriggans
  10 spriggan berserkers
  A titan zombie (Vaults:4)
  A shock serpent (shapeshifter) (Vaults:5)
  Sonja (D:10)
  An orc high priest (Orc:2)
  14 deep elf knights
  A soul eater (Depths:2)
  A skeletal warrior (D:15)
  7 iron trolls
  Lodul (D:10)
  Amaemon (D:8)
  A fire crab (Lair:5)
  7 pharaoh ants
  4 skysharks
  2 sun moths
  A goliath frog (shapeshifter) (Vaults:5)
  10 sea snakes
  11 orb spiders
  3 glowing orange brains
  4 death drakes (WizLab)
  47 deep trolls
  18 ironbound convokers
  2 flayed ghosts (Depths:2)
  10 deep elf archers
  A tengu zombie (Vaults:4)
  15 orc knights
  6 lindwurms
  A necromancer (Vaults:4)
  6 phantasmal warriors
  26 harpies
  16 wizards
  31 deep elf zephyrmancers
  4 steelbarb worms
  14 cyclopes
  2 orc sorcerers
  20 deep elf pyromancers
  33 ugly things
  A shining eye (Slime:1)
  A manticore (shapeshifter) (D:15)
  7 fauns
  20 wolf spiders
  10 manticores
  9 elephants
  An ice statue (IceCv)
  A salamander (shapeshifter) (Elf:1)
  17 moths of wrath
  10 water nymphs
  13 merfolk sirens
  A black mamba (shapeshifter) (D:12)
  Joseph (D:8)
  A naga mage (Vaults:4)
  72 slime creatures
  A rust devil (Gauntlet)
  14 vault sentinels
  5 torpor snails
  3 gargoyles
  A torpor snail (shapeshifter) (Elf:3)
  5 black mambas (Lair:5)
  2 orange demons
  An apocalypse crab (WizLab)
  7 demonic crawlers
  2 molten gargoyles (Lair:5)
  10 cane toads
  2 kobold demonologists
  An ice devil (Depths:1)
  A yaktaur (shapeshifter) (D:12)
  Psyche (D:8)
  An unseen horror (D:13)
  39 yaktaurs
  3 rime drakes
  8 komodo dragons
  2 freezing wraiths
  5 tengu conjurers
  A red devil (Depths:1)
  10 trolls
  8 meliai
  26 merfolk
  A merfolk (shapeshifter) (Vaults:5)
  2 polar bears
  A shadow dragon simulacrum (Vaults:4)
  11 wind drakes
  16 tarantellas
  12 hornets
  Prince Ribbit (Lair:1)
  13 blink frogs
  2 hellwings
  8 dream sheep
  9 snapping turtles
  A blink frog (shapeshifter) (D:14)
  34 jumping spiders
  6 flying skulls (Gauntlet)
  25 culicivoras
  A centaur simulacrum (D:14)
  5 wraiths
  14 water elementals
  A ynoxinul (Gauntlet)
  16 air elementals
  10 wyverns
  2 shadows
  16 humans (D:13)
  A vampire (D:13)
  52 yaks
  2 fire elementals (Elf:1)
  Grum (D:10)
  3 fire bats (Depths:2)
  A redback (shapeshifter) (Depths:2)
  64 redbacks
  10 vampire mosquitoes
  11 basilisks
  2 steam dragons
  3 wargs
  An acid dragon (D:11)
  2 floating eyes
  6 hell hounds
  24 water moccasins
  6 black bears
  A sky beast (D:7)
  48 orc warriors
  2 ice beasts (D:7)
  14 ogres
  39 wolves
  5 boggarts (D:15)
  10 centaurs
  2 great orb of eyes simulacra (IceCv)
  A centaur (shapeshifter) (Depths:1)
  3 slime creature simulacra (IceCv)
  An elf zombie (Ossuary)
  11 bullfrogs
  2 gnoll sergeants
  6 scorpions
  4 glowing shapeshifter simulacra (IceCv)
  2 earth elementals (Elf:3)
  5 wights (D:10)
  An electric eel (D:8)
  3 howler monkeys (D:13)
  4 lava snakes (Lair:5)
  3 centaur zombies (Ossuary)
  7 hounds
  30 orc priests
  4 gnoll boudas
  2 human zombies
  A jelly (D:4)
  2 iron imps (Gauntlet)
  3 sleepcaps
  6 hell rats (Lair:3)
  An iguana (D:6)
  2 shapeshifter simulacra (IceCv)
  28 orc wizards
  2 hound zombies (Ossuary)
  3 mummies (Ossuary)
  22 gnolls
  3 adders
  2 shadow imps
  13 white imps
  4 adder zombies (Ossuary)
  A worm (D:3)
  A dart slug (D:1)
  99 orcs
  10 endoplasms
  2 giant cockroaches
  22 goblins
  8 hobgoblins
  5 jackals
  5 quokkas
  5 ball pythons
  4 bats
  4 frilled lizards
  4 gnoll zombies (Ossuary)
  5 goblin zombies (Ossuary)
  2 hobgoblin zombies
  3 jackal zombies (Ossuary)
  16 kobolds
  3 kobold zombies (Ossuary)
  An orc zombie (Ossuary)
  5 quokka zombies (Ossuary)
  3 rats
  3 rat zombies
  A spectral orc (D:3)
  3 tentacles (Shoals:4)
2265 creatures vanquished.

Vanquished Creatures (others)
  A green draconian (Zot:3)
  A spriggan (Depths:4)
  A sea snake (Shoals:4)
  A wizard (Vaults:4)
  A hornet (Depths:4)
  An orc wizard (Vaults:5)
  12 fungi
  63 plants
  5 tentacles (Shoals:4)
  A withered plant (Gauntlet)
87 creatures vanquished.

Grand Total: 2352 creatures vanquished

Notes
Turn   | Place    | Note
-------+----------+-------------------------------------------
     0 | D:1      | qeuew the Spriggan Hunter began the quest for the Orb.
     0 | D:1      | Reached XP level 1. HP: 10/10 MP: 2/2
    55 | D:1      | Reached XP level 2. HP: 15/15 MP: 3/3
   516 | D:1      | Gained mutation: You have an increased reservoir of magic.
                  | (+10% MP) [potion of mutation]
   516 | D:1      | Gained mutation: Your natural rate of healing is unusually
                  | fast. [potion of mutation]
   516 | D:1      | Gained mutation: You are strong-willed. (Will+) [potion of
                  | mutation]
   686 | D:2      | Reached XP level 3. HP: 18/18 MP: 4/4
  1181 | D:3      | Reached skill level 1 in Short Blades
  1498 | D:3      | Reached XP level 4. HP: 23/23 MP: 5/5
  1512 | D:3      | Found a faded altar of an unknown god.
  1600 | D:3      | Found a basalt altar of Yredelemnul.
  1980 | D:4      | Reached XP level 5. HP: 26/26 MP: 6/6
  2053 | D:4      | Reached skill level 5 in Stealth
  2080 | D:4      | Reached skill level 5 in Ranged Weapons
  2080 | D:4      | Reached XP level 6. HP: 27/32 MP: 7/7
  2494 | D:4      | Reached XP level 7. HP: 23/35 MP: 8/8
  2717 | D:5      | Entered Level 5 of the Dungeon
  2890 | D:5      | Found a staircase to the Ecumenical Temple.
  3007 | D:5      | Reached skill level 5 in Dodging
  3039 | Temple   | Entered the Ecumenical Temple
  3154 | D:5      | Found Otuchas's Antique Weapon Shop.
  3358 | D:5      | Found a transporter.
  3399 | D:5      | Reached XP level 8. HP: 33/40 MP: 9/9
  3548 | D:5      | Found a transporter.
  3669 | D:5      | Identified 2 scrolls of acquirement
  3669 | D:5      | Acquired the +12 pair of quick blades "Gyre" and "Gimble"
                  | {protect}
  3669 | D:5      | Found the +12 pair of quick blades "Gyre" and "Gimble"
                  | {protect}
  3673 | D:5      | Acquired a manual of Dodging
  4689 | D:7      | Found a flagged portal.
  4752 | Bailey   | Entered a bailey
  4934 | Bailey   | Reached skill level 10 in Stealth
  4934 | Bailey   | Reached XP level 9. HP: 45/45 MP: 10/10
  4957 | Bailey   | Reached skill level 5 in Short Blades
  5119 | D:7      | Found a bloodstained altar of Trog.
  5126 | D:7      | Found a sparkling altar of Nemelex Xobeh.
  5126 | D:7      | Found a hide-covered altar of Uskayaw.
  5126 | D:7      | Found a broken altar of Ashenzari.
  5248 | D:7      | Identified the +0 whip "Qupobryrov" {freeze, Int+3 Dex+4}
  5316 | D:7      | Paralysed by a hornet for 3 turns
  5652 | D:7      | Found a shadowy altar of Dithmenos.
  5771 | D:7      | Became a worshipper of Dithmenos the Shadowed
  5830 | D:8      | Found Iquss's Antique Weapon Boutique.
  5851 | D:8      | Found a sand-covered staircase.
  5864 | Ossuary  | Entered an ossuary
  5950 | Ossuary  | Reached * piety under Dithmenos
  6198 | D:8      | Noticed Joseph
  6202 | D:8      | Killed Joseph
  6203 | D:8      | Reached XP level 10. HP: 51/51 MP: 12/12
  6258 | D:8      | Noticed an orange demon
  6260 | D:8      | Noticed Amaemon
  6269 | D:8      | Killed an orange demon
  6276 | D:8      | Killed Amaemon
  6402 | D:8      | Noticed Psyche
  6410 | D:8      | Killed Psyche
  6411 | D:8      | Reached skill level 5 in Fighting
  6411 | D:8      | Found a snail-covered altar of Cheibriados.
  6826 | D:8      | Noticed cheesebisquit's ghost (novice DjFE)
  6827 | D:8      | Found a runed translucent gate.
  6827 | D:8      | Found a runed translucent gate.
  6827 | D:8      | Found a runed translucent gate.
  6829 | D:8      | Noticed a ten-headed hydra
  6864 | D:8      | Found an ancient bone altar of Kikubaaqudgha.
  7105 | D:9      | Noticed a two-headed ogre
  7119 | D:9      | Killed a two-headed ogre
  7120 | D:9      | Reached skill level 10 in Dodging
  7260 | D:9      | Reached ** piety under Dithmenos
  7373 | D:9      | Found a staircase to the Lair.
  7388 | D:9      | Reached XP level 11. HP: 56/56 MP: 13/13
  7582 | Lair:1   | Entered Level 1 of the Lair of Beasts
  7582 | Lair:1   | Noticed Prince Ribbit
  7598 | Lair:1   | Killed Prince Ribbit
  7813 | Lair:1   | Reached *** piety under Dithmenos
  7817 | Lair:1   | Noticed a boulder beetle
  7847 | Lair:1   | Killed a boulder beetle
  7848 | Lair:1   | Reached skill level 10 in Ranged Weapons
  7848 | Lair:1   | Reached skill level 15 in Stealth
  8189 | Lair:2   | Reached skill level 10 in Short Blades
  8200 | Lair:2   | Reached XP level 12. HP: 54/61 MP: 14/14
  8339 | Lair:2   | Reached **** piety under Dithmenos
  8426 | Lair:2   | Found a staircase to the Shoals.
  8432 | Lair:2   | Reached skill level 15 in Dodging
  8466 | Lair:2   | Noticed a death yak
  8466 | Lair:2   | Noticed a death yak
  8467 | Lair:2   | Noticed a death yak
  8468 | Lair:2   | Noticed a death yak
  8469 | Lair:2   | Noticed a death yak
  8477 | Lair:2   | Killed a death yak
  8487 | Lair:2   | Killed a death yak
  8498 | Lair:2   | Killed a death yak
  8509 | Lair:2   | Killed a death yak
  8517 | Lair:2   | Killed a death yak
  8560 | Lair:2   | Noticed a five-headed hydra
  8570 | Lair:2   | Killed a five-headed hydra
  8611 | Lair:2   | Found a hole to the Spider Nest.
  8740 | Lair:2   | Noticed a death yak
  8740 | Lair:2   | Noticed a death yak
  8740 | Lair:2   | Noticed a death yak
  8741 | Lair:2   | Noticed a death yak
  8742 | Lair:2   | Killed a death yak
  8744 | Lair:2   | Killed a death yak
  8745 | Lair:2   | Noticed a death yak
  8757 | Lair:2   | Killed a death yak
  8766 | Lair:2   | Killed a death yak
  8775 | Lair:2   | Killed a death yak
  9009 | Lair:2   | Reached XP level 13. HP: 66/66 MP: 15/15
  9399 | Lair:3   | Identified the +1 robe "Maitris" {rF+ rN+ Int-4}
  9405 | Lair:3   | Reached ***** piety under Dithmenos
  9578 | Lair:3   | Found a shimmering blue altar of Sif Muna.
 10685 | Lair:5   | Entered Level 5 of the Lair of Beasts
 11037 | Lair:5   | Reached XP level 14. HP: 70/72 MP: 16/16
 11265 | Lair:5   | Found a staircase to the Slime Pits.
 11414 | Lair:5   | Found a large runed translucent door.
 11460 | Lair:5   | Reached ****** piety under Dithmenos
 11537 | Lair:5   | Found a large runed translucent door.
 11626 | Lair:5   | Acquired a manual of Invocations
 11795 | Spider:1 | Entered Level 1 of the Spider Nest
 11823 | Spider:1 | Reached skill level 1 in Invocations
 12290 | Spider:1 | Noticed Donald
 12428 | Spider:1 | HP: 3/73 [Donald/+0 scimitar of electrocution (32)]
 12522 | Spider:1 | Killed Donald
 13119 | Spider:2 | Noticed Nikola
 13132 | Spider:2 | Killed Nikola
 13325 | Spider:2 | Reached XP level 15. HP: 77/77 MP: 21/21
 13404 | Spider:2 | Noticed Asterion
 13420 | Spider:2 | Killed Asterion
 13492 | Spider:2 | Reached skill level 5 in Invocations
 15106 | Spider:4 | Entered Level 4 of the Spider Nest
 15152 | Spider:4 | Reached skill level 15 in Short Blades
 15442 | Spider:4 | Noticed an emperor scorpion
 15458 | Spider:4 | Noticed an emperor scorpion
 15459 | Spider:4 | Killed an emperor scorpion
 15495 | Spider:4 | Killed an emperor scorpion
 15547 | Spider:4 | Reached XP level 16. HP: 84/84 MP: 24/24
 16497 | Spider:4 | Found the -2 hat of the Alchemist {rElec rPois rF+ rC+ rN+
                  | Will+ rMut rCorr}
 16718 | Spider:4 | Identified the +0 barding "Waank" {rElec rC- Str-5 Dex+8}
 16726 | Spider:4 | Got a gossamer rune of Zot
 16859 | Shoals:1 | Entered Level 1 of the Shoals
 17676 | Shoals:2 | Noticed Ilsuiw
 17680 | Shoals:2 | Killed Ilsuiw
 18137 | Shoals:2 | Noticed a kraken
 18414 | Shoals:3 | Reached XP level 17. HP: 88/88 MP: 27/27
 18719 | Shoals:4 | Entered Level 4 of the Shoals
 18790 | Shoals:4 | Noticed a kraken
 18841 | Shoals:4 | Killed a kraken
 19099 | Shoals:4 | Reached skill level 10 in Invocations
 19335 | Shoals:4 | Identified the +9 trident of Ancient Evil {spect, Dex+5}
 19752 | Shoals:4 | Reached skill level 10 in Fighting
 19839 | Shoals:4 | Got a barnacled rune of Zot
 20128 | D:10     | Entered Level 10 of the Dungeon
 20185 | D:10     | Noticed Grum
 20195 | D:10     | Killed Grum
 20249 | D:10     | Noticed Sonja
 20254 | D:10     | Killed Sonja
 20273 | D:10     | Found a shimmering altar of Xom.
 20273 | D:10     | Found an ornate altar of the Wu Jian Council.
 20443 | D:10     | Noticed Lodul
 20463 | D:10     | Killed Lodul
 20518 | D:10     | Found a blossoming altar of Fedhas.
 20998 | D:11     | Identified the +0 mace "Cucain" {drain, *Slow Str+3 SInv}
 21203 | D:11     | Found a staircase to the Orcish Mines.
 21377 | D:11     | Found a runed translucent door.
 21381 | D:11     | Noticed BlueFalcon's ghost (journeyman DsGl)
 21388 | D:11     | Identified the ring of Ocas Gol {Fly rF+++ Str+4 Int-3
                  | Dex+6}
 21388 | D:11     | Found the +3 pair of seven-league boots {Rampage+∞}
 21389 | D:11     | Killed BlueFalcon's ghost
 21483 | Orc:1    | Entered Level 1 of the Orcish Mines
 21785 | Orc:2    | Entered Level 2 of the Orcish Mines
 21803 | Orc:2    | Found a staircase to the Elven Halls.
 22007 | Orc:2    | Found Qetzis's General Store.
 22054 | Orc:2    | Found a dark tunnel.
 22065 | Volcano  | Entered a volcano
 22704 | Orc:2    | Found Qium's Self-Improvement Boutique.
 22727 | Orc:2    | Found Sajeoleu's Armour Emporium.
 22761 | Orc:2    | Bought a manual of Short Blades for 1360 gold pieces
 22761 | Orc:2    | Bought a manual of Dodging for 1360 gold pieces
 23088 | Orc:2    | Found Illyuf's Antique Weapon Shoppe.
 23092 | Orc:2    | Found Dipsuhaa's Antique Armour Emporium.
 23158 | Elf:1    | Entered Level 1 of the Elven Halls
 23392 | Elf:1    | Reached XP level 18. HP: 81/94 MP: 29/29
 23724 | Elf:1    | Got the Volume of the Invisible Thickets
 24238 | Elf:2    | Found Lugifesi's Magic Scroll Shoppe.
 24256 | Elf:2    | Bought a scroll of blinking for 105 gold pieces
 24256 | Elf:2    | Bought a scroll of teleportation for 42 gold pieces
 24525 | Elf:2    | Found a runed translucent gate.
 24525 | Elf:2    | Found a runed translucent gate.
 24525 | Elf:2    | Found a runed translucent gate.
 24945 | Elf:3    | Entered Level 3 of the Elven Halls
 24998 | Elf:3    | Found Deniok's Desiderata Depot.
 25742 | Elf:3    | Noticed a Hell Sentinel
 26448 | Elf:3    | Identified the ring of New Discoveries {EV+5 Str+3 Int+3}
 26510 | Elf:3    | Identified the staff of poison "Ykhorhesi" {rPois Stlth+}
 26536 | Elf:3    | Identified the +6 mace of a ziggurat {speed, Str-3 Dex+4}
 26540 | Elf:3    | Reached XP level 19. HP: 99/99 MP: 32/32
 26590 | Elf:3    | Identified the +5 halberd of Calamity {speed, rC+ rN+
                  | Str+2}
 26597 | Elf:3    | Got Pautyet's Guide on Configuration and the Iceberg
 26611 | Elf:3    | Identified the +0 leather armour of the Game of Life {Fly
                  | rPois rF+}
 26756 | Elf:3    | Noticed a Tzitzimitl
 27033 | Elf:3    | Identified the staff of fire "Maxoph" {Fragile +Blink rPois
                  | rF+}
 27039 | Elf:3    | Identified the ring "Syptadaush" {MP+9 Int+3}
 27053 | Elf:3    | Identified the staff of cold "Nuwash" {rF+ rC+}
 27065 | Elf:3    | Identified the +4 rapier of Xioteqe {heavy, Dex+3}
 27065 | Elf:3    | Identified the +1 leather armour of Roeth {Fly}
 27644 | D:12     | You are sucked into a shaft and drop 3 floors!
 27644 | D:15     | Entered Level 15 of the Dungeon
 27941 | D:14     | Identified the +6 scimitar of Optimality {antimagic, rPois
                  | Will- Int+2}
 27948 | D:14     | Identified the +11 rapier of Chance {flame, rF+ Int+6}
 27987 | D:14     | Found a gate leading to a gauntlet.
 28002 | Gauntlet | Entered a Gauntlet
 28002 | Gauntlet | Found a transporter.
 28015 | Gauntlet | Found a runed translucent door.
 28016 | Gauntlet | Found a transporter.
 28017 | Gauntlet | Found a transporter.
 28047 | Gauntlet | Found a transporter.
 28055 | Gauntlet | Found a runed translucent door.
 28069 | Gauntlet | Found a runed translucent door.
 28076 | Gauntlet | Found a transporter.
 28076 | Gauntlet | Found a transporter.
 28076 | Gauntlet | Found a transporter.
 28116 | Gauntlet | Found a transporter.
 28131 | Gauntlet | Found a transporter.
 28140 | Gauntlet | Identified the ring of Linearity {MP+9 EV+5 Dex+4}
 28352 | D:13     | Found a gate to the Vaults.
 28358 | D:13     | Noticed Nessos
 28432 | D:13     | Killed Nessos
 28733 | D:13     | Found a frozen archway.
 28756 | IceCv    | Entered an ice cave
 28993 | IceCv    | Found a viscous altar of Jiyva.
 29035 | IceCv    | Identified the ring of the Shrike {rPois rN+ Will- Str+8}
 29038 | IceCv    | Got the ring of Zolliph {Ice rN+}
 29152 | IceCv    | Identified the ring of Volaxalu {rC++ Will+ SInv}
 30501 | D:14     | Found Septam's General Store.
 30772 | Vaults:1 | Entered Level 1 of the Vaults
 30859 | Vaults:1 | Found a magical portal.
 31003 | Vaults:1 | Reached XP level 20. HP: 105/105 MP: 33/33
 31122 | Vaults:1 | Reached skill level 27 in Stealth
 31187 | Vaults:1 | Reached skill level 15 in Ranged Weapons
 31224 | Vaults:1 | Reached skill level 27 in Dodging
 31413 | WizLab   | Entered The Chambers of the Cloud Mage
 31578 | WizLab   | Paralysed by an air elemental for 1 turns
 31691 | WizLab   | Noticed Weiho
 31715 | WizLab   | Killed Weiho the Cloud Mage
 31757 | WizLab   | Identified the +0 ice dragon scales "Biple Tam" {rPois rF-
                  | rC++ Str+3}
 31763 | WizLab   | Got the Quarto of the Manifold Lives
 31769 | WizLab   | Identified the ring "Rerchosam" {rPois Int+2 Dex+3 SInv}
 32651 | Vaults:2 | Found Ateoshrui's Magic Scroll Emporium.
 32703 | Vaults:2 | Noticed Aizul
 32757 | Vaults:2 | Found Aryamuosch's Armour Shop.
 33053 | Vaults:2 | Noticed Sojobo
 33056 | Vaults:2 | Killed Sojobo
 33362 | Vaults:2 | Killed Aizul
 33434 | Vaults:2 | Noticed Saint Roka
 33478 | Vaults:2 | Killed Saint Roka
 33536 | Vaults:2 | You are sucked into a shaft and drop 2 floors!
 33815 | Vaults:3 | Reached XP level 21. HP: 111/111 MP: 35/35
 33881 | Vaults:3 | Found Wakhlocots's General Store.
 34017 | Vaults:3 | Bought a potion of heal wounds for 85 gold pieces
 34683 | Vaults:3 | Found a staircase to the Crypt.
 35761 | Vaults:4 | Reached skill level 15 in Invocations
 36102 | Vaults:4 | Identified the +0 robe "Guny Omp" {rElec Dex+3 Slay-2}
 36104 | Vaults:4 | Identified the +0 hat of Meucaar {Will+ Regen+ Int-4}
 36107 | Vaults:4 | Identified the +1 robe of Dishonour {+Inv Fly rElec Int-3}
 36121 | Vaults:4 | Found a radiant altar of Vehumet.
 36128 | Vaults:4 | Identified the +5 robe of Wonder {rN+ Dex+3}
 36136 | Vaults:4 | Identified the +4 robe of Grim Happiness {*Corrode Fly
                  | Int-4 SInv}
 36163 | Vaults:4 | Identified the +4 hat "Ojoan" {Will+ Dex+4}
 36512 | Vaults:5 | Entered Level 5 of the Vaults
 36512 | Vaults:5 | Noticed a dread lich
 36644 | Vaults:5 | Noticed an ancient lich
 36700 | Vaults:5 | Killed an ancient lich
 36854 | Vaults:5 | Reached XP level 22. HP: 109/118 MP: 37/37
 36923 | Vaults:5 | Reached skill level 1 in Evocations
 37193 | Vaults:5 | Noticed a golden dragon
 37215 | Vaults:5 | Killed a golden dragon
 37513 | Vaults:5 | Identified the +0 robe of Duty {rN+ Dex+4 Slay-6}
 37619 | Vaults:5 | Reached skill level 5 in Evocations
 37861 | Vaults:5 | Noticed a dread lich
 37878 | Vaults:5 | Killed a dread lich
 37918 | Vaults:5 | Identified the +2 robe "Pessoir" {rElec rPois Will+ Dex-4}
 38008 | Vaults:5 | Noticed a dread lich
 38016 | Vaults:5 | Killed a dread lich
 38303 | Vaults:5 | Got a silver rune of Zot
 38710 | Vaults:5 | Identified the +4 ring mail of Hedge Wizardry {Int+3}
 38723 | Vaults:5 | Killed a dread lich
 39035 | Slime:1  | Entered Level 1 of the Pits of Slime
 39299 | D:15     | Reached XP level 23. HP: 123/123 MP: 39/39
 39332 | D:15     | Found a staircase to the Depths.
 39831 | D:15     | Found a bloodstained altar of Trog.
 39928 | D:15     | Found a runed translucent door.
 40120 | Depths:1 | Entered Level 1 of the Depths
 40422 | Depths:1 | Noticed the Enchantress
 40538 | Depths:1 | Killed the Enchantress
 40956 | Depths:1 | Found a one-way gate leading to the halls of Pandemonium.
 41366 | Depths:1 | Noticed a caustic shrike
 41392 | Depths:1 | Killed a caustic shrike
 41832 | Depths:1 | Found a gateway to Hell.
 42062 | Depths:2 | Identified the +5 falchion of the Fifty Stars {freeze,
                  | rElec rC+ Will-}
 42808 | Depths:2 | Reached skill level 10 in Evocations
 42892 | Depths:2 | Identified the +10 war axe of the Stork {speed, Int+4
                  | Dex+3}
 42943 | Depths:2 | Reached XP level 24. HP: 124/130 MP: 40/40
 43084 | Depths:2 | Identified the staff of conjuration "Hokkiruenn" {rF- Will+
                  | Str+3 Dex+4}
 43208 | Depths:2 | Identified the staff of air "Vogotyup" {rElec rF+ Will+}
 43308 | Depths:3 | Found a one-way gate to the infinite horrors of the Abyss.
 43341 | Depths:3 | Found a shadowy altar of Dithmenos.
 43785 | Depths:3 | Found a shimmering blue altar of Sif Muna.
 43844 | Depths:3 | Reached skill level 15 in Fighting
 43947 | Depths:4 | Entered Level 4 of the Depths
 44186 | Depths:4 | Noticed a juggernaut
 44190 | Depths:4 | Killed a juggernaut
 44302 | Depths:4 | Found a one-way gateway to a ziggurat.
 44579 | Depths:4 | Identified the +0 chain mail of Viny Music {Will+ MP+9
                  | Dex+3}
 44680 | Depths:4 | Found a gate to the Realm of Zot.
 44995 | Zot:1    | Entered Level 1 of the Realm of Zot
 45083 | Zot:1    | Reached skill level 27 in Short Blades
 45116 | Zot:1    | Acquired 1226 gold pieces
 45982 | Zot:2    | Reached XP level 25. HP: 136/136 MP: 40/40
 46967 | Zot:3    | Identified the +12 morningstar of the Transmuting Gods
                  | {drain, rPois rF+ Int+2 Dex-3}
 47352 | Zot:4    | Mangled by a death cob

Illustrated notes

Levels and vault maps discovered:
D:1:      minmay_arrival_arboretum_small, layout_rooms, serial_glass,
          glass_columns_a, glass_columns_c, serial_bayou_lake_a
D:2:      layout_basic
D:3:      layout_loops_ring, yredelemnul_forgotten_temple_becter,
          hellmonk_ecumenical_altar_zigzags, nicolae_figureground_pulse
D:4:      layout_loops_ring, minmay_misc_feat_x, hangedman_abyss_or_decor_passed
D:5:      gammafunk_steamed_eel, layout_loops_corners,
          minmay_temple_entry_wispy, serial_shops, shop
D:6:      layout_loops_corners, nrook_uturn
D:7:      layout_rooms, marbit_many_paths, minitemple, enter_bailey_5,
          grunt_ministairs_13, chequers_serial_rivers_small_a,
          grunt_decor_one_mirror
D:8:      layout_basic, mainiacjoe_overflow_boulevard,
          mainiacjoe_overflow_alcove_4, serial_shops, shop, enter_ossuary_3,
          gammafunk_ghost_hydra_chop, fountainhead, uniq_amaemon, uniq_psyche,
          uniq_joseph
D:9:      layout_rooms, minmay_lair_entry_grove, serial_glass, glass_columns_a,
          glass_columns_b
D:10:     layout_irregular_city, fedhas_altar_4, grunt_temple_overflow_open,
          uniq_sonja, uniq_grum, uniq_lodul
D:11:     layout_roguey, david_orc_4, ebering_ghost_inner_flame
D:12:     minmay_two_paths, layout_layer_cave, minivault_10
D:13:     layout_roguey, david_vaults_3, portal_ice_cave_entry_imps
D:14:     minmay_textured_paths, layout_cave_pools, gauntlet_entry_generic,
          hangedman_decor_opposing, nicolae_stop_n_shop_1
D:15:     gammafunk_enter_depths_forms, layout_loops_ring, bloody_trog,
          nicolae_wwwww, nicolae_danse_macabre
Temple:   nicolae_temple_ecumenical_triangle
Lair:1:   layout_cave_shapes, grunt_megastairs_3, lemuel_fruit_tree,
          uniq_prince_ribbit2
Lair:2:   layout_regular_city, nicolae_shoals_entry_roost,
          spider_nest_entry_funnel_web, infiniplex_staircase_pool
Lair:3:   layout_chaotic_city, basic_altar
Lair:4:   layout_hall_layers
Lair:5:   cheibrodos_lair_end_hotspot, layout_regular_city, slime_entry_1
Shoals:1: layout_shoals, nicolae_shoals_wave_tunnel
Shoals:2: layout_shoals, uniq_ilsuiw
Shoals:3: layout_shoals
Shoals:4: shoals_end_grunt_ice, layout_shoals
Spider:1: layout_spider_delve, uniq_donald
Spider:2: layout_cave_pods, uniq_asterion, uniq_nikola
Spider:3: layout_spider_delve
Spider:4: spider_rune_water, nicolae_spider_jagged_tunnels
Slime:1:  layout_caves
Orc:1:    layout_diamond_mine, uniq_jorgrun
Orc:2:    grunt_orc_community_town_hall, layout_caves,
          grunt_orc_community_big_house_2, grunt_orc_community_big_house_1,
          grunt_orc_community_house_1, grunt_orc_community_house_1,
          grunt_orc_community_house_1, grunt_orc_community_house_2,
          grunt_orc_community_house_3, grunt_orc_community_house_2,
          enter_volcano_3, nicolae_shop_self_help
Elf:1:    layout_loops_corners, serial_co_window_serial, co_window_paths_a,
          co_window_paths_a, co_window_cross_1, co_window_of_opportunity_a,
          co_window_corner_a, co_window_2corner, co_window_paths_c,
          co_window_broadway_a, glass_columns_b, minmay_elf_sorcery,
          dk_noncrumbling_4
Elf:2:    nicolae_elf_blades_splatter_lattice [mumra_blade_entry_dagger],
          layout_geoelf_octagon, serial_shops, shop
Elf:3:    nooodl_elf_gasket, layout_onion_city, dreamdust_wishing_well,
          minivault_27, nicolae_alphabet_shops, dk_noncrumbling_3
Vaults:1: mu_enter_wizlab_2, ontoclasm_vaults_gateway, v_misc_13,
          hangedman_vaults_slice, ontoclasm_vaults_ring_large,
          vaults_room_grunt_arrival_ludios, nicolae_vaults_three_branches,
          vaults_room_pool, vaults_room_semicircle, v_misc_11,
          nicolae_vaults_an_arrangement, ontoclasm_vaults_hangar,
          v_alt_pattern_6, vaults_mumra_hex,
          hangedman_vaults_stretched_pinwheel, layout_vaults_ring
Vaults:2: v_misc_19, v_alt_pattern_5, special_room_vaults [special_room_orc],
          grunt_vaults_hallway_long, ontoclasm_vaults_decontamination,
          nicolae_vaults_network_barrier, v_alt_pattern_4, v_misc_13,
          layout_vaults_chaotic_city, serial_shops, nicolae_shop_hallway_plus,
          shop, uniq_aizul, uniq_sojobo, uniq_saint_roka
Vaults:3: v_rooms_5, serial_ice_m, grunt_vaults_twisty,
          nicolae_vaults_little_squares_2, minmay_crypt_entry_nasty_monster,
          layout_vaults_omnigrid, serial_shops, nicolae_shop_trees
Vaults:4: nicolae_vaults_angled_halls, v_pattern_1, nicolae_vaults_shelves_hall,
          v_misc_17, nicolae_vaults_network_quinsquares
          [nicolae_vaults_network_quincunx_subvault,
          nicolae_vaults_network_quincunx_subvault,
          nicolae_vaults_network_quincunx_subvault,
          nicolae_vaults_network_quincunx_subvault],
          hangedman_vaults_restitches, v_alt_pattern_1,
          nicolae_vaults_little_ls, nicolae_vaults_big_ls, v_misc_11,
          grunt_tower_of_power, hangedman_vaults_trim, ontoclasm_vaults_fault,
          layout_vaults_omnibox
Vaults:5: serial_shops
Depths:1: minmay_quantized_circle, layout_cave_shapes, grunt_hell_entry_dis_mu,
          chequers_serial_rivers_small_a, rand_demon_pan_entry_9,
          lemuel_flamethrower_3, uniq_enchantress
Depths:2: minmay_the_grid_square_5x5_4x4
          [minmay_the_grid_square_5x5_checkered_sparse,
          minmay_the_grid_square_5x5_checkered_statues,
          minmay_the_grid_square_5x5_mess, minmay_the_grid_square_5x5_two,
          minmay_the_grid_square_5x5_fat_x,
          minmay_the_grid_square_5x5_prize_pseudospiral,
          minmay_the_grid_square_5x5_prize_snowflake,
          minmay_the_grid_square_5x5_checkered,
          minmay_the_grid_square_5x5_beaten_path,
          minmay_the_grid_square_5x5_prize_waves,
          minmay_the_grid_square_5x5_prize_gold,
          minmay_the_grid_square_5x5_plus, minmay_the_grid_square_5x5_slash,
          minmay_the_grid_square_5x5_half_checkered,
          minmay_the_grid_square_5x5_inner_v,
          minmay_the_grid_square_5x5_eight_small], layout_cave_pools, pan_entry,
          nicolae_eternal_life, hellmouth_1, minmay_misc_feat_secret_circle,
          infiniplex_staircase_trident
Depths:3: cheibrodos_birdhouse, layout_gridville, grunt_dithmenos_smoke,
          hell_entry, abyss_entry, lemuel_blue_sif_altar
Depths:4: grunt_zot_entry_alcove, layout_gridville, enter_ziggurat_e,
          hangedman_coc_ice_floe, muffindrake_ghost_dead_mans_drink,
          minmay_misc_feat_rugged
Zot:1:    layout_onion, st_small_dragon_hoard_2, uniq_grunn
Zot:2:    layout_misc_corridors
Zot:3:    layout_basic
Zot:4:    layout_onion_interference, ebering_ghost_xom

Skill      XL: |  1  2  3  4  5  6  7  8  9 10 11 12 13 14 15 16 17 18 19 20 21 22 23 24 25 |
---------------+----------------------------------------------------------------------------+-----
Stealth        | 2 3 4 5 6 7 10 12 13 15 17 19 20 21 23 24 25 26 27 | 27.0
Dodging        | 3 4 5 7 9 11 14 17 18 20 21 22 23 24 26 27 | 27.0
Fighting       | 2 3 4 5 6 7 8 9 10 11 12 13 14 15 16 | 16.0
Short Blades   | 1 2 3 4 6 8 10 11 13 14 15 16 17 19 21 22 23 25 26 27 | 27.0
Ranged Weapons | 5 6 7 8 9 10 11 12 13 14 15 16 17 18 19 | 19.7
Invocations    | 4 7 9 11 12 13 14 15 16 17 18 | 18.7
Evocations     | 7 10 13 14 | 14.2

Action                     |  1- 3 |  4- 6 |  7- 9 | 10-12 | 13-15 | 16-18 | 19-21 | 22-24 | 25-27 || total
---------------------------+-------+-------+-------+-------+-------+-------+-------+-------+-------++-------
  Melee: Rapier            |       |       |    13 |       |       |       |       |       |       ||    13
         Pair of quick bla |       |       |   142 |   487 |  1233 |  1843 |  2061 |  2408 |   541 ||  8715
   Fire: Shortbow          |   101 |   125 |   293 |     3 |       |       |       |       |       ||   522
 Invoke: Shadow Step       |       |       |       |       |       |     1 |       |       |       ||     1
    Use: Potion            |     4 |       |     3 |     1 |     3 |     1 |     2 |     1 |     2 ||    17
         Scroll            |     6 |     2 |     9 |     5 |     5 |    12 |     7 |     6 |       ||    52
   Stab: Sleeping          |       |       |    17 |    21 |    92 |   156 |   191 |   110 |    12 ||   599
         Distracted        |       |       |       |     1 |     9 |    23 |    12 |    35 |     1 ||    81
         Invisible         |       |       |       |       |       |       |       |     5 |       ||     5
 Armour: Robe              |     1 |     7 |    42 |    39 |    48 |    49 |       |       |       ||   186
         Troll leather arm |       |       |       |       |       |    14 |    56 |    63 |    17 ||   150
  Dodge: Dodged            |     7 |    52 |   235 |   310 |   773 |  1276 |  1364 |  2214 |   472 ||  6703

Table legend: (Time is in decaauts)
 A = Elapsed time spent in this place.
 B = Non-inter-level travel time spent in this place.
 C = Inter-level travel time spent in this place.
 D = Time resting spent in this place.
 E = Time spent auto-exploring this place.
 F = Levels seen in this place.
 G = Mean time per level.
                   A        B        C        D        E       F      G
               +--------+--------+--------+--------+--------+-----+--------+
         Total |  28408 |  26552 |   1856 |   1226 |  17247 |  54 |  526.1 |
       Dungeon |   7699 |   7103 |    596 |     12 |   5472 |  15 |  513.3 |
        Temple |     26 |     18 |      8 |      0 |     13 |   1 |   26.0 |
          Lair |   2602 |   2270 |    332 |     72 |   1519 |   5 |  520.4 |
        Shoals |   2112 |   1977 |    135 |     49 |   1062 |   4 |  528.0 |
   Spider Nest |   3079 |   2928 |    151 |    131 |   1945 |   4 |  769.8 |
    Slime Pits |      3 |      3 |      0 |      0 |      0 |   1 |    3.0 |
  Orcish Mines |    938 |    834 |    104 |      0 |    593 |   2 |  469.0 |
   Elven Halls |   2752 |   2659 |     93 |    856 |   1185 |   3 |  917.3 |
        Vaults |   4125 |   3854 |    271 |      0 |   2525 |   5 |  825.0 |
        Depths |   2740 |   2602 |    138 |      0 |   1760 |   4 |  685.0 |
           Zot |   1265 |   1242 |     23 |    106 |    647 |   4 |  316.2 |
       Ossuary |    143 |    143 |      0 |      0 |     78 |   1 |  143.0 |
        Bailey |    211 |    211 |      0 |      0 |    105 |   1 |  211.0 |
      Ice Cave |    232 |    232 |      0 |      0 |     99 |   1 |  232.0 |
       Volcano |     43 |     43 |      0 |      0 |     11 |   1 |   43.0 |
        Wizlab |    268 |    268 |      0 |      0 |    162 |   1 |  268.0 |
      Gauntlet |    162 |    162 |      0 |      0 |     65 |   1 |  162.0 |
               +--------+--------+--------+--------+--------+-----+--------+

Top non-repeatable levels by time:
   Elf:2: 1171 daAuts
Vaults:5: 1090 daAuts
Depths:1: 1060 daAuts
Spider:3: 961 daAuts
   Elf:3: 953 daAuts
Spider:4: 856 daAuts
Vaults:2: 834 daAuts
Vaults:4: 775 daAuts
    D:12: 761 daAuts
Depths:2: 738 daAuts
   Orc:2: 736 daAuts
Vaults:3: 718 daAuts
Vaults:1: 707 daAuts
     D:6: 692 daAuts
  Lair:2: 689 daAuts
